 Dungeon Crawl Stone Soup version 0.23.2-30-g0e89c35649 (webtiles) character file.

Game seed: 7416083618696043110

271 Artanis the Covert (level 6, 0/30 HPs)
             Began as a Spriggan Assassin on June 23, 2019.
             Killed from afar by an orc wizard (6 damage)
             ... with a magic dart
             ... on level 3 of the Dungeon.
             The game lasted 00:43:43 (6774 turns).

Artanis the Covert (Spriggan Assassin)              Turns: 6774, Time: 00:43:44

Health: 0/30       AC:  3    Str:  8    XL:     6   Next: 2%
Magic:  7/7        EV: 19    Int: 12    God:
Gold:   67         SH:  0    Dex: 19    Spells: 5/5 levels left

rFire    + . .     SeeInvis +   a - +2 dagger
rCold    . . .     Gourm    .   (shield restricted)
rNeg     . . .     Faith    .   c - +0 robe
rPois    .         Spirit   .   (helmet restricted)
rElec    .         Reflect  .   d - +0 cloak
rCorr    .         Harm     .   (gloves unavailable)
MR       +....                  (boots unavailable)
Stlth    ++++......             (no amulet)
HPRegen  0.10/turn              p - ring of protection from fire
MPRegen  0.10/turn              (no ring)

@: slowed, quick
A: very small, unfitting armour, see invisible, herbivore, speed 3, slow
metabolism 2
a: no special abilities


You were on level 3 of the Dungeon.
You were not hungry.

You visited 1 branch of the dungeon, and saw 4 of its levels.

You collected 67 gold pieces.

Inventory:

Hand Weapons
 a - a +2 dagger (weapon)
 b - a +0 blowgun
 q - a +0 hunting sling
Missiles
 n - 46 stones (quivered)
 w - 22 bolts
Armour
 c - a +0 robe (worn)
 d - a +0 cloak (worn)
Jewellery
 p - a ring of protection from fire (left hand)
Scrolls
 i - a scroll of teleportation {unknown}
 k - a scroll of fear {unknown}
 l - 3 scrolls of remove curse
 o - a scroll of blinking {unknown}
 s - a scroll of magic mapping {unknown}
 t - 2 scrolls of immolation
Potions
 h - a potion of might {unknown}
 j - a potion of heal wounds
 m - a potion of degeneration {unknown}
 r - a potion of brilliance {unknown}
 u - 2 potions of flight {unknown}
 v - a potion of haste {unknown}
 x - a potion of curing {unknown}
Comestibles
 g - 4 rations


   Skills:
 - Level 2.2 Fighting
 + Level 3.4 Short Blades
 * Level 1.3(2.2) Slings
 - Level 2.2(2.4) Throwing
 - Level 3.1 Dodging
 * Level 9.1 Stealth


You had 5 spell levels left.
You didn't know any spells.
Your spell library was empty.

Dungeon Overview and Level Annotations

Branches:
Dungeon (4/15)
 Temple: D:4-7

Altars:

Annotations:
D:3 Pikel


Innate Abilities, Weirdness & Mutations

You are very small and have problems with some larger weapons.
You are too small for most types of armour.
You have supernaturally acute eyesight. (SInv)
You are a herbivore.
You cover ground extremely quickly.
You need to consume almost no food.


Message History

The orc priest barely misses you.
The orc priest casts a cantrip, but nothing happens.
The orc wizard gestures wildly while chanting.
The orc wizard blinks!
The orc wizard mumbles some strange words.
The orc wizard seems to speed up.
The orc wizard casts a spell.
The orc wizard blinks!
The orc priest invokes the aid of Beogh against you.
Pain shoots through your body!
* * * LOW HITPOINT WARNING * * *
The orc priest looks satisfied for a moment.
The orc wizard misses you. The orc wizard barely misses you.
The orc wizard hits you with a +0 dagger.
* * * LOW HITPOINT WARNING * * *
The orc wizard mumbles some strange words.
The orc wizard blinks!
The orc wizard casts a spell at you. The magic dart hits you.
You die...

### ..# #.# #.# #.# #.#
#######################
#.#####.........@..oo.......#
...........................>#
#.#####.#..#.........<#.#[#[#
#.#####....#.##.....#.#.#.#.#
....................#.#.....#
.....##......##.....#.#.#.###
.....###....###.....#.#.#.#
......###..###...(....#.#.#
.......######.........#.#.#


You could see an orc priest and an orc wizard.

Vanquished Creatures
  4 slaves
  A scorpion (D:3)
  An orc priest (D:3)
  A bullfrog skeleton (D:4)
  A worker ant (D:3)
  A gnoll (D:4)
  5 adders
  2 dart slugs (D:3)
  4 leopard geckos
  6 orcs
  A ball python (D:2)
  6 bats
  4 giant cockroaches
  2 goblins
  5 hobgoblins
  12 jackals
  A quokka (D:3)
  3 frilled lizards
  6 kobolds
  10 rats
76 creatures vanquished.

Vanquished Creatures (others)
  11 toadstools (D:4)
11 creatures vanquished.

Grand Total: 87 creatures vanquished

Notes
Turn   | Place    | Note
-------+----------+-------------------------------------------
     0 | D:1      | Artanis the Spriggan Assassin began the quest for the Orb.
     0 | D:1      | Reached XP level 1. HP: 10/10 MP: 2/2
    34 | D:1      | Reached skill level 6 in Stealth
   229 | D:1      | Reached XP level 2. HP: 15/15 MP: 3/3
   949 | D:2      | Reached skill level 7 in Stealth
   949 | D:2      | Reached XP level 3. HP: 14/18 MP: 4/4
  2120 | D:3      | Reached XP level 4. HP: 23/23 MP: 5/5
  2274 | D:3      | Reached skill level 8 in Stealth
  3462 | D:4      | Reached XP level 5. HP: 25/26 MP: 6/6
  3667 | D:4      | Noticed a slave
  3667 | D:4      | Noticed a slave
  3667 | D:4      | Noticed a slave
  3678 | D:4      | Killed a slave
  3680 | D:4      | Noticed a slave
  3925 | D:3      | Killed a slave
  4691 | D:3      | Killed a slave
  4920 | D:4      | Noticed Pikel
  5709 | D:3      | Killed a slave
  5993 | D:4      | Reached skill level 1 in Slings
  5993 | D:4      | Reached skill level 9 in Stealth
  6400 | D:3      | Reached XP level 6. HP: 11/30 MP: 7/7
  6774 | D:3      | Killed from afar by an orc wizard

Skill      XL: |  1  2  3  4  5 |
---------------+----------------+-----
Stealth        | 6 7 8 9 |  9.1
Dodging        | 2 3 |  3.1
Fighting       | 2 |  2.2
Short Blades   | 3 |  3.4
Slings         | 1 |  1.3
Throwing       | |  2.2

Action                   |  1- 3 |  4- 6 || total
-------------------------+-------+-------++-------
Melee: Dagger            |   114 |   256 ||   370
 Fire: Hunting sling     |       |   149 ||   149
       Blowgun           |       |    10 ||    10
Throw: Stone             |     9 |    19 ||    28
  Use: Scroll            |       |     3 ||     3
       Potion            |       |     1 ||     1
 Stab: Sleeping          |    13 |     6 ||    19
       Distracted        |     1 |     1 ||     2
  Eat: Ration            |       |     2 ||     2
Armor: Robe              |    14 |    23 ||    37
Dodge: Dodged            |   100 |   208 ||   308
